 Dungeon Crawl Stone Soup version 0.20.1-1-g8b1a95d (webtiles) character file.

152 Monsterracer the Magician (level 5, -1/35 HPs)
             Began as a Mummy Wizard on Sept 6, 2017.
             Slain by an adder (3 damage)
             ... on level 4 of the Dungeon.
             The game lasted 00:10:17 (3311 turns).

Monsterracer the Magician (Mummy Wizard)            Turns: 3311, Time: 00:10:17

Health: -1/35      AC:  2    Str: 11    XL:     5   Next: 11%
Magic:  2/13       EV: 12    Int: 18    God:
Gold:   99         SH:  0    Dex: 10    Spells: 4/15 levels left

rFire    x . .     SeeInvis .   l - +0 falchion (flame)
rCold    + . .     Gourm    .   (no shield)
rNeg     + + +     Faith    .   a - +0 robe
rPois    ∞         Spirit   .   b - +0 hat
rElec    .         Reflect  .   (no cloak)
rCorr    .         Harm     .   (no gloves)
MR       .....                  (no boots)
Stlth    +++.......             (no amulet)
Regen    0.2/turn               k - ring of stealth
MPRegen  0.2/turn               (no ring)

@: very slightly contaminated
A: no food or potions, fire vulnerability, cold resistance 1, negative energy
resistance 3, torment resistance, unbreathing
a: no special abilities


You were on level 4 of the Dungeon.
You were not hungry.

You visited 1 branch of the dungeon, and saw 5 of its levels.

You collected 99 gold pieces.

Inventory:

Hand Weapons
 l - a +0 falchion of flaming (weapon)
Armour
 a - a +0 robe (worn)
 b - a +0 hat (worn)
Jewellery
 k - a ring of stealth (left hand)
Scrolls
 c - a scroll of fog {unknown}
 d - 2 scrolls of blinking {unknown}
 e - 2 scrolls of fear {unknown}
 f - a scroll of magic mapping {unknown}
 g - 2 scrolls of immolation {unknown}
 h - 2 scrolls of identify {unknown}
 i - a scroll of enchant armour {unknown}
 j - a scroll of teleportation {unknown}


   Skills:
 - Level 1.5 Dodging
 - Level 1.5 Stealth
 + Level 5.5 Spellcasting
 * Level 3.2 Conjurations
 - Level 0.7 Summonings
 - Level 0.7 Translocations


You had 4 spell levels left.
You knew the following spells:

 Your Spells              Type           Power        Failure   Level  Hunger
a - Magic Dart            Conj           ###.         3%          1    N/A
b - Conjure Flame         Conj/Fire      ##......     19%         3    N/A
c - Mephitic Cloud        Conj/Pois/Air  #.......     24%         3    N/A
d - Call Imp              Summ           #.......     14%         2    N/A
e - Blink                 Tloc           N/A          14%         2    N/A

Dungeon Overview and Level Annotations

Branches:
Dungeon (5/15)
 Temple: D:4-7

Altars:
Makhleb
Sif Muna

Annotations:
D:3 Stelteck's ghost, amateur DrCj
D:4 jmlagarto's ghost, amateur DsAK


Innate Abilities, Weirdness & Mutations

You do not eat or drink.
Your flesh is vulnerable to fire.
You are immune to poison.
Your flesh is cold resistant. (rC+)
You are immune to negative energy. (rN+++)
You are immune to unholy pain and torment.
You can survive without breathing.


Message History

* * * LOW HITPOINT WARNING * * *
The adder barely misses you.
You riposte.
You miss the adder.
Huge Dmg: -9%(-3hp) hp: 20%(7hp)
The adder bites you.
* * * LOW HITPOINT WARNING * * *
Huge Dmg: -14%(-5hp) hp: 6%(2hp)
You can't drink.
Unknown command.
Found a robe.
Okay, then.
Casting: Conjure Flame
Confirm with . or Enter, or press ? or * to list all spells.
Aiming: Magic Dart
Press: ? - help, Shift-Dir - straight line, f - adder
Aim: an adder The magic dart hits the adder.
The adder is lightly wounded.
* * * LOW MAGIC WARNING * * *
The adder bites you.
You die...

## .# .# #### .# .... .# ##.
#.##########.####..# #..
#.........S@......[#. #..
#o######.########.##.#####..
#.# #.......##.. #.#
#....>§S.# ##W####
#..##.#### #.....# #..##.##
# <#####....?# #..##..###
#.o.........# #.....%...
#######...?.#######.###.####


You could see an adder.

Vanquished Creatures
  A crimson imp (D:5)
  3 adders (D:3)
  2 oozes
  3 dart slugs
  7 orcs (D:3)
  2 giant cockroaches (D:3)
  8 goblins
  8 hobgoblins
  3 jackals
  A quokka (D:2)
  2 ball pythons
  6 bats
  4 frilled lizards
  9 kobolds
  11 rats
70 creatures vanquished.

Notes
Turn   | Place    | Note
-------+----------+-------------------------------------------
     0 | D:1      | Monsterracer the Mummy Wizard began the quest for the Orb.
     0 | D:1      | Reached XP level 1. HP: 13/13 MP: 5/5
    95 | D:1      | Reached skill level 1 in Conjurations
   202 | D:1      | Reached XP level 2. HP: 19/19 MP: 4/7
   332 | D:1      | HP: 7/19 [goblin (4)]
  1135 | D:1      | Reached XP level 3. HP: 24/24 MP: 5/9
  1140 | D:1      | Learned a level 3 spell: Conjure Flame
  1144 | D:1      | Learned a level 3 spell: Mephitic Cloud
  1147 | D:1      | Learned a level 2 spell: Call Imp
  1150 | D:1      | Learned a level 2 spell: Blink
  2231 | D:3      | Found a burning altar of Makhleb.
  2347 | D:3      | Reached XP level 4. HP: 26/30 MP: 8/10
  2453 | D:3      | Reached skill level 5 in Spellcasting
  3008 | D:3      | Found a deep blue altar of Sif Muna.
  3106 | D:3      | Noticed Stelteck's ghost (amateur DrCj)
  3137 | D:3      | HP: 6/30 [Stelteck's ghost/magic dart (11)]
  3172 | D:4      | Noticed jmlagarto's ghost (amateur DsAK)
  3214 | D:4      | HP: 9/30 [adder (5)]
  3215 | D:4      | HP: 3/30 [adder (5)]
  3231 | D:5      | Entered Level 5 of the Dungeon
  3239 | D:5      | Reached XP level 5. HP: 6/35 MP: 0/13
  3297 | D:4      | HP: 9/35 [adder (4)]
  3307 | D:4      | HP: 7/35 [adder (3)]
  3308 | D:4      | HP: 2/35 [adder (5)]
  3311 | D:4      | Slain by an adder

Skill      XL: |  1  2  3  4 |
---------------+-------------+-----
Conjurations   | 1 2 3 |  3.2
Spellcasting   | 5 |  5.5
Dodging        | |  1.5
Stealth        | |  1.5
Summonings     | |  0.7
Translocations | |  0.7

Action                   |  1- 3 |  4- 6 || total
-------------------------+-------+-------++-------
Melee: Unarmed           |     5 |       ||     5
       Dagger            |    21 |    17 ||    38
       Falchion          |       |     5 ||     5
 Cast: Magic Dart        |   116 |    54 ||   170
       Mephitic Cloud    |     3 |     3 ||     6
       Conjure Flame     |       |     5 ||     5
       Blink             |       |     1 ||     1
 Stab: Confused          |       |     1 ||     1
       Sleeping          |       |     1 ||     1
Armor: Robe              |    15 |     9 ||    24
Dodge: Dodged            |    41 |    30 ||    71
       Rpst.: Falchion   |       |     4 ||     4
